 Dungeon Crawl Stone Soup version 0.30-a0-643-g638baaf3f0 (webtiles) character file.

Game seed: 11914672514816487698

610601 semem the Grand Master (level 27, 0/179 HPs)
             Began as an Octopode Transmuter on Jan 16, 2023.
             Was an Initiate of Gozag.
             Killed by a royal mummy's death curse (16 damage)
             ... on level 1 of the Tomb of the Ancients.
             The game lasted 03:00:20 (62063 turns).

semem the Grand Master (Octopode Transmuter)       Turns: 62063, Time: 03:00:21

Health: 0/179      AC: 31    Str: 14 (18) XL:     27
Magic:  49/49      EV: 51    Int: 48      God:    Gozag
Gold:   10457      SH:  0    Dex: 36      Spells: 37/62 levels left

rFire   + . .      SeeInvis +      - Unarmed
rCold   + + .      Faith    .    (shield currently unavailable)
rNeg    + + +      Spirit   .    (helmet currently unavailable)
rPois   ∞          Reflect  .    P - macabre finger necklace {Finger+ rN+}
rElec   +          Harm     .    T - ring of Meracrij {rPois rC+}
rCorr   +          Rampage  .    U - ring "Ziuvuz" {Will+ MP+9 Dex+3}
Will    ++++.                    Y - ring of Iryo {Str+3 Int+6}
Stlth   +++                      O - ring of Ruedav {Will+ Int+6}
HPRegen 0.49/turn                Q - ring of Daimiodu {Str+7 Int+6 Dex+2}
MPRegen 0.31/turn                J - ring "Bynn" {rF+ rN+ rCorr}
                                 N - +6 ring of intelligence
                                 a - ring "Kaats" {rN+ AC+4 Dex+3}
                                 o - ring "Ymoyhoad" {rC+ Str-2 Dex+9 SInv}

@: mighty, brilliant, storm-form, wereblooded, gold aura, blinkbolt cooldown,
flying, hasted and slowed, studying 3 skills
A: cleaving, insubstantial, flying, almost no armour, amphibious, 8 rings,
(camouflage 1), (gelatinous body 1), (nimble swimmer 1), (tentacles), agile 1,
low MP 1, robust 1, wild magic 1
}: 4/15 runes: decaying, slimy, silver, gossamer
a: Blinkbolt, End Transformation, Renounce Religion, Potion Petition, Call
Merchant, Bribe Branch


You were on level 1 of the Tomb of the Ancients.
You worshipped Gozag.
Gozag was extremely pleased with you.
You were a lightning-filled tempest!
You visited 12 branches of the dungeon, and saw 53 of its levels.
You visited the Abyss 1 time.
You also visited: Gauntlet and Wizlab.

You collected 27221 gold pieces.
You spent 4995 gold pieces at shops.
You paid 11769 gold pieces to Gozag.

Inventory:

Magical Staves
 k - a staff of air (melded)
Jewellery
 a - the ring "Kaats" (on tentacle) {rN+ AC+4 Dex+3}
   (You bought it in a shop on level 2 of the Elven Halls)

   [ring of protection]

   AC:        It affects your AC (+4).
   Dex:       It affects your dexterity (+3).
   rN:        It protects you from negative energy.
 d - a ring of protection from fire
 o - the ring "Ymoyhoad" (on amulet) {rC+ Str-2 Dex+9 SInv}
   (You bought it in a shop on level 15 of the Dungeon)

   [ring of see invisible]

   Str:       It affects your strength (-2).
   Dex:       It affects your dexterity (+9).
   rC:        It protects you from cold.
   SInv:      It lets you see invisible.
 s - a +6 ring of intelligence
 D - the ring "Liobb" {AC+4 Dex+4}
   (You found it on level 2 of the Depths)

   [ring of protection]

   AC:        It affects your AC (+4).
   Dex:       It affects your dexterity (+4).
 G - the amulet of the Queen {Faith Rampage rPois rF- rC+}
   (You found it in a Gauntlet)

   [amulet of faith]

   It allows you to gain divine favour quickly.
   rF:        It makes you vulnerable to fire.
   rC:        It protects you from cold.
   rPois:     It protects you from poison.
   Rampage:   It bestows one free step when moving towards enemies.
 J - the ring "Bynn" (on tentacle) {rF+ rN+ rCorr}
   (You bought it in a shop on level 10 of the Dungeon)

   [ring of resist corrosion]

   rF:        It protects you from fire.
   rN:        It protects you from negative energy.
   rCorr:     It protects you from acid and corrosion.
 K - the necklace of Bloodlust {Fury *Rage Will++ Int-3 Slay+6}
   (You found it on level 14 of the Dungeon)

   [amulet of nothing]

   Fury:      It extends the wearer's berserk rage when killing foes.
   Int:       It affects your intelligence (-3).
   Slay:      It affects your accuracy & damage with ranged weapons and melee
   (+6).
   *Rage:     It berserks you when you make melee attacks (+50% chance).
   Will:      It greatly increases your willpower.
 N - a +6 ring of intelligence (on tentacle)
 O - the ring of Ruedav (on tentacle) {Will+ Int+6}
   (You found it on level 3 of the Elven Halls)

   [ring of intelligence]

   Int:       It affects your intelligence (+6).
   Will:      It increases your willpower.
 P - the macabre finger necklace (around neck) {Finger+ rN+}
   (You bought it in a shop on level 15 of the Dungeon)

   [amulet of nothing]

   Finger+:   It enables you to equip an extra ring.
   rN:        It protects you from negative energy.
 Q - the ring of Daimiodu (on tentacle) {Str+7 Int+6 Dex+2}
   (You took it off a yaktaur captain on level 5 of the Vaults)

   [ring of intelligence]

   Str:       It affects your strength (+7).
   Int:       It affects your intelligence (+6).
   Dex:       It affects your dexterity (+2).
 T - the ring of Meracrij (left tentacle) {rPois rC+}
   (You bought it in a shop on level 10 of the Dungeon)

   [ring of poison resistance]

   rC:        It protects you from cold.
   rPois:     It protects you from poison.
 U - the ring "Ziuvuz" (right tentacle) {Will+ MP+9 Dex+3}
   (You found it on level 3 of the Crypt)

   [ring of magical power]

   Dex:       It affects your dexterity (+3).
   MP:        It affects your magic capacity (+9).
   Will:      It increases your willpower.
 Y - the ring of Iryo (on tentacle) {Str+3 Int+6}
   (You took it off a vault guard on level 5 of the Vaults)

   [ring of intelligence]

   Str:       It affects your strength (+3).
   Int:       It affects your intelligence (+6).
Wands
 c - a wand of acid (45)
 g - a wand of flame (76)
 l - a wand of polymorph (26)
 q - a wand of roots (34)
 y - a wand of charming (36)
 H - a wand of digging (19)
 V - a wand of mindburst (30)
Scrolls
 h - a scroll of silence
 i - 6 scrolls of magic mapping
 m - 32 scrolls of teleportation
 n - 41 scrolls of identify
 w - 11 scrolls of fog
 x - 8 scrolls of blinking
 B - 8 scrolls of immolation
 I - 9 scrolls of fear
 L - 3 scrolls of amnesia
 M - 5 scrolls of summoning
 R - 8 scrolls of poison
Potions
 b - 9 potions of brilliance
 e - 12 potions of flight
 f - 22 potions of curing
 j - 2 potions of haste
 p - 2 potions of might
 r - 7 potions of magic
 v - 9 potions of degeneration
 z - 6 potions of ambrosia
 A - 7 potions of attraction
 C - 4 potions of cancellation
 E - 6 potions of resistance
 F - 6 potions of berserk rage
 S - 7 potions of invisibility
 W - 11 potions of heal wounds
 X - 5 potions of mutation


   Skills:
 + Level 7.7 Fighting
 - Level 0.9 Staves
 + Level 16.0 Dodging
 - Level 2.5 Stealth
 + Level 3.9 Shields
 O Level 27 Unarmed Combat
 + Level 18.2 Spellcasting
 - Level 21.9 Transmutations
 - Level 8.0 Ice Magic
 * Level 21.3 Air Magic
 + Level 0.1 Earth Magic
 + Level 4.7 Poison Magic
 - Level 0.2 Evocations


You had 37 spell levels left.
You knew the following spells:

 Your Spells              Type           Power      Damage    Failure   Level
a - Storm Form            Tmut/Air       85%        N/A       1%          7
b - Wereblood             Tmut           100%       N/A       1%          2
c - Eringya's Noxious Bo  Tmut/Pois      73%        N/A       1%          6
d - Ice Form              Ice/Tmut       100%       N/A       1%          4
e - Statue Form           Tmut/Erth      92%        N/A       1%          6

Your spell library contained the following spells:

 Spells                   Type           Power      Damage    Failure   Level
 Beastly Appendage        Tmut           100%       N/A       1%          1
 Freeze                   Ice            100%       1d10      1%          1
 Kiss of Death            Conj/Necr      100%       2d13      1%          1
 Magic Dart               Conj           100%       1d8       1%          1
 Necrotise                Necr           100%       1d9       1%          1
 Slow                     Hex            100%       N/A       1%          1
 Sting                    Tmut/Pois      100%       1d8       1%          1
 Summon Small Mammal      Summ           100%       N/A       1%          1
 Blink                    Tloc           100%       N/A       1%          2
 Call Imp                 Summ           71%        N/A       1%          2
 Cigotuvi's Dreadful Rot  Necr/Pois/Air  100%       N/A       1%          2
 Poisonous Vapours        Pois/Air       100%       N/A       1%          2
 Scorch                   Fire           100%       2d10      1%          2
 Searing Ray              Conj           100%       2d8       1%          2
 Static Discharge         Conj/Air       100%       2-7/arc   1%          2
 Frozen Ramparts          Ice            100%       1d16      1%          3
 Hailstorm                Conj/Ice       100%       3d20      1%          3
 Ignite Poison            Fire/Tmut/Pois 100%       N/A       1%          3
 Kindle Blastsparks       Fire/Tloc/Air  100%       2d18      1%          3
 Mephitic Cloud           Conj/Pois/Air  100%       N/A       1%          3
 Ozocubu's Armour         Ice            100%       N/A       1%          3
 Spider Form              Tmut/Pois      100%       N/A       1%          3
 Vhi's Electric Charge    Tloc/Air       100%       N/A       1%          3
 Airstrike                Air            85%        2d(13-29) 1%          4
 Olgreb's Toxic Radiance  Pois           100%       N/A       1%          4
 Petrify                  Tmut/Erth      100%       N/A       1%          4
 Summon Lightning Spire   Summ/Air       100%       N/A       1%          4
 Alistair's Intoxication  Tmut/Pois      98%        N/A       1%          5
 Arcjolt                  Conj/Air       68%        1d78      1%          5
 Blade Hands              Tmut           86%        N/A       1%          5
 Freezing Cloud           Conj/Ice/Air   66%        6-21      1%          5
 Irradiate                Conj/Tmut      69%        3d34      1%          5
 Lightning Bolt           Conj/Air       68%        1d93      1%          5
 Yara's Violent Unravell  Hex/Tmut       69%        3d26      1%          5
 Conjure Ball Lightning   Conj/Air       68%        3x3d25    1%          6
 Dragon Form              Tmut           86%        N/A       1%          7
 Maxwell's Capacitive Co  Air            85%        ∞         1%          8
 Call Canine Familiar     Summ           71%        N/A       2%          3
 Confusing Touch          Hex            71%        N/A       2%          3
 Gell's Gravitas          Tloc           71%        N/A       2%          3
 Stone Arrow              Conj/Erth      100%       3d13      2%          3
 Summon Guardian Golem    Hex/Summ       71%        N/A       2%          3
 Teleport Other           Tloc           71%        N/A       2%          3
 Vampiric Draining        Necr           71%        2d11      2%          3
 Metabolic Englaciation   Hex/Ice        51%        N/A       4%          5
 Anguish                  Hex/Necr       35%        N/A       7%          4
 Dispel Undead            Necr           71%        3d24      7%          4
 Flame Wave               Conj/Fire      71%        2d16      7%          4
 Fulminant Prism          Conj/Hex       35%        3d18      7%          4
 Iskenderun's Mystic Bla  Conj/Tloc      71%        2d14      7%          4
 Manifold Assault         Tloc           71%        N/A       7%          4
 Agony                    Necr           71%        N/A       17%         5
 Borgnjor's Vile Clutch   Necr/Erth      36%        N/A       17%         5
 Fireball                 Conj/Fire      35%        3d15      17%         5
 Iskenderun's Battlesphe  Conj           71%        2d12      17%         5
 Summon Mana Viper        Hex/Summ       71%        N/A       17%         5
 Ozocubu's Refrigeration  Ice            62%        4d21      21%         7
 Necromutation            Tmut/Necr      69%        N/A       41%         8
 Iron Shot                Conj/Erth      36%        9d7       63%         6
 Death Channel            Necr           35%        N/A       65%         6
 Dispersal                Tloc           35%        N/A       65%         6
 Summon Cactus Giant      Summ           35%        N/A       65%         6
 Enfeeble                 Hex            35%        N/A       99%         7
 Malign Gateway           Summ/Tloc      35%        N/A       99%         7
 Orb of Destruction       Conj           35%        9d10      99%         7
 Ignition                 Fire           35%        3d11      100%        8
 Lehudib's Crystal Spear  Conj/Erth      36%        10d9      100%        8
 Summon Horrible Things   Summ           35%        N/A       100%        8
 Dragon's Call            Summ           35%        N/A       100%        9
 Polar Vortex             Ice            62%        N/A       100%        9
 Animate Armour           Summ/Erth      Unusable   N/A       N/A         4
 Animate Dead             Necr           Unusable   N/A       N/A         4
 Simulacrum               Ice/Necr       Unusable   N/A       N/A         6

Dungeon Overview and Level Annotations

Branches:
Dungeon (15/15)            Temple (1/1) D:5            Lair (5/5) D:8
  Swamp (4/4) Lair:2       Spider (4/4) Lair:2        Slime (5/5) Lair:5
    Orc (2/2) D:12            Elf (3/3) Orc:2        Vaults (5/5) D:14
  Crypt (3/3) Vaults:2       Tomb (2/3) Crypt:3      Depths (4/4) D:15
    Zot (0/5) Depths:4     WizLab (visited)         Gauntlet (visited)

Altars:
Ashenzari
Cheibriados
Dithmenos
Elyvilon
Fedhas
Gozag
Hepliaklqana
Kikubaaqudgha
Makhleb
Nemelex Xobeh
Okawaru
Qazlal
Ru
Sif Muna
Trog
Uskayaw
Vehumet
Wu Jian
Xom
Yredelemnul
Zin
The Shining One
Jiyva

Shops:
D:10 **=   D:13 !   D:15 ==   Orc:1 [   Orc:2 *(:(*   Elf:2 =   Vaults:1 *
Vaults:4 (

Portals:
Hell: Depths:1 Depths:2 Depths:3 Depths:4
Abyss: Depths:2 Depths:3
Pandemonium: Depths:2 Depths:3
Ziggurat: Depths:2


Innate Abilities, Weirdness & Mutations

You are a lightning-filled tempest!
Your electrical attacks strike out in all directions at once.
You are incredibly evasive.
Your insubstantial body is immune to petrification, constriction, and being set on fire You are flying.
You are immune to poison.
Your armour is entirely melded.
You are incapable of wielding weapons or throwing items.
You cannot wear most types of armour.
You are amphibious.
You can wear up to eight rings at the same time.
((Your skin changes colour to match your surroundings (Stealth+).))
((Your rubbery body absorbs attacks. (AC +1, EV +1)))
((You are camouflaged when in or above water. (Stealth+)))
((You have tentacles for arms and can constrict up to eight enemies at once.))
You are agile. (Dex +4, Str/Int -1)
Your magical capacity is low. (-10% MP)
You are robust. (+10% HP)
Your spells are a little harder to cast, but a little more powerful.


Message History

The royal mummy casts a spell.
The royal mummy points at you and mumbles some strange words.
Something smites you!
* * * LOW HITPOINT WARNING * * *
You feel much better.
The death scarab completely misses you. x2
The emperor scorpion is distracted by your dazzling golden aura.
The death scarab completely misses you.
The royal mummy is distracted by your dazzling golden aura.
The royal mummy mumbles some strange words.
You buffet the royal mummy!
The royal mummy is lightly damaged.
You barely miss the death scarab. x2
The death scarab is no longer distracted by gold.
The death scarab fails to trigger a net trap.
The death scarab closely misses you.
The mummy priest utters an invocation to its god.
The death scarab is distracted by your dazzling golden aura.
The death scarab completely misses you. x2
The death scarab's many legs skitter faintly.
You blast the royal mummy!!!!
You punch the royal mummy.
The royal mummy is heavily damaged.
You buffet the death scarab!
You completely miss the death scarab. You barely miss the death scarab. x2
The death scarab is no longer distracted by gold.
The death scarab completely misses you. x3; The death scarab barely misses you.
The royal mummy gestures at you while chanting.
Something smites you!
* * * LOW HITPOINT WARNING * * *
The royal mummy completely misses you. The death scarab completely misses you.
You blast the royal mummy!!!!
You punch the royal mummy!
You feel a bit better.
You destroy the royal mummy!
The death scarab disappears in a puff of smoke! x2
You blast the death scarab!!!
You destroy the death scarab!
The death scarab's corpse disappears in a puff of smoke!
You batter the death scarab!! You closely miss the death scarab.
You feel extremely nervous for a moment...
Pain shoots through your body!
You die...
Your body crumbles into a pile of gold.

#.........##################.
#.........# #### #.
#.........# ...# #.
#.........# .#...#. .. #.
#.........####'...^.... #.
#.........##.MB.M.#.... #.
#.........##BBMMW.#... #.
#.........##§$Ms.MM. #.
#.........##vB§B.§# . #.
#.........##§BBs..#.... #.
#.........####B$^M..... #.
#.........##.$#s.^#.... #.
#....^....##..#§B.# . ##
#.........##..##############.
#.........##.$#..............
#.........##..#..#######.....
#.........##..#..##^[.##.....


You could see 5 royal mummies, 3 emperor scorpions, a mummy priest, a flayed
ghost (summoned), a guardian mummy, 8 death scarabs and a mummy (summoned).

Vanquished Creatures
  the Royal Jelly (Slime:5)
  2 ancient liches (Crypt:3)
  2 dread liches
  Mara (Swamp:4)
  Khufu (Crypt:2)
  Mennas (Vaults:5)
  Sojobo (Depths:3)
  Boris (twice) (Vaults:5 Tomb:1)
  17 royal mummies
  the Lernaean hydra (Swamp:4)
  Head Instructor (WizLab)
  Saint Roka (Depths:2)
  Josephina (Crypt:3)
  The ghost of Qikas the Invulnerable, a veteran MiBe of Trog (Depths:2)
  2 golden dragons
  Jory (Crypt:3)
  4 bone dragons
  2 doom hounds (Crypt:3)
  Arachne (Spider:4)
  The ghost of LetschGu the Bludgeoner, an adept TrMo of Okawaru (Spider:1)
  A Tzitzimitl (Crypt:3)
  6 tentacled monstrosities
  Grunn (Crypt:3)
  2 deep elf blademasters
  5 liches
  7 titans (Vaults:5)
  19 acid blobs
  Asterion (Depths:1)
  3 quicksilver dragons
  3 deep elf master archers (Elf:3)
  9 ancient champions
  12 sphinxes
  Gastronok (Lair:2)
  A storm dragon (Depths:4)
  3 thorn hunters
  A tentacled starspawn (Abyss:3)
  9 shadow dragons (Vaults:5)
  9 tengu reavers
  Donald (Swamp:4)
  3 fenstrider witches (Depths:3)
  10 fire giants
  Roxanne (Spider:3)
  8 azure jellies
  20 rockslimes
  5 revenants
  3 draconian knights (WizLab)
  4 emperor scorpions
  7 vault wardens
  4 frost giants
  2 iron dragons
  2 juggernaut zombies
  10 deep elf sorcerers (Elf:3)
  Louise (Swamp:4)
  6 ghost moths
  3 curse skulls
  9 ghouls
  6 deep elf elementalists
  2 orc warlords
  2 draconian annihilators (Depths:4)
  19 ironbound preservers
  8 quicksilver oozes
  A broodmother (Spider:3)
  A draconian stormcaller (Depths:4)
  A caustic shrike skeleton (Crypt:3)
  13 very ugly things
  10 ironbound thunderhulks
  A reaper (Crypt:3)
  6 war gargoyles
  17 stone giants
  A broodmother (shapeshifter) (Vaults:5)
  12 dire elephants
  The ghost of Odeis the Spear-Bearer, a journeyman OpCK of Hepliaklqana (D:14)
  4 eleionomae
  2 red draconians (Depths:4)
  6 bennus (Tomb:2)
  10 vampire knights
  7 deep elf annihilators
  A black draconian (Depths:4)
  2 putrid mouths (Crypt:3)
  2 purple draconians (Depths:4)
  A spark wasp (shapeshifter) (Depths:4)
  A yellow draconian (Depths:4)
  5 bunyips
  5 deep elf demonologists
  A minotaur (Gauntlet)
  7 spark wasps
  Snorg (D:10)
  7 ettins
  2 crystal guardians (Vaults:3)
  6 deep elf death magi
  A merfolk javelineer (Depths:1)
  2 fire dragons
  5 eidola
  A blizzard demon (Abyss:3)
  6 jiangshi
  A merfolk impaler (D:14)
  9 mummy priests
  15 yaktaur captains
  13 great orbs of eyes
  6 rakshasas
  2 spriggan zombies (Crypt:1)
  The ghost of kuniqs the Severer, a journeyman MiFi of Hepliaklqana (D:13)
  6 deep elf high priests
  19 hydras
  The ghost of Rrauwl the Severer, a journeyman HOMo of Ru (Lair:2)
  8 ice dragons
  29 vault guards
  2 spriggan skeletons (Crypt:1)
  A fenstrider witch zombie (Crypt:1)
  A juggernaut simulacrum (Crypt:3)
  7 entropy weavers
  4 spriggan air magi
  3 death knights
  5 peacekeepers
  6 ironbound frosthearts
  4 ghost crabs
  6 alligators
  An ogre mage (Vaults:5)
  6 jorogumos
  6 boulder beetles
  4 radroaches
  28 dancing weapons
  A catoblepas (Lair:5)
  2 two-headed ogres
  10 centaur warriors
  5 death yaks (Lair:5)
  11 vampire magi
  A naga warrior (D:14)
  42 death scarabs
  4 deep troll earth magi
  4 deep troll shamans
  4 tengu warriors
  A spectral emperor scorpion (Spider:1)
  A storm dragon zombie (Vaults:3)
  3 orc high priests (Orc:2)
  2 spriggan berserkers (Depths:2)
  19 deep elf knights
  Urug (Lair:1)
  A soul eater (Depths:3)
  Amaemon (D:10)
  16 hell knights
  A wretched star (Abyss:3)
  The ghost of Fimi the Thaumaturge, a journeyman FeIE of Vehumet (Lair:3)
  A shadow wraith (Vaults:5)
  A fire crab (Gauntlet)
  45 skeletal warriors
  A fire crab (shapeshifter) (D:15)
  A salamander mystic (WizLab)
  Lodul (D:10)
  5 iron trolls
  14 orb spiders
  16 swamp dragons
  10 large abominations
  4 pharaoh ants
  A sun moth (Spider:4)
  An orb spider (shapeshifter) (Depths:2)
  3 spriggan druids
  An anaconda zombie (Crypt:2)
  5 glowing orange brains
  A sphinx zombie (Crypt:3)
  A swamp dragon (shapeshifter) (Depths:3)
  69 deep trolls
  A death drake (Swamp:4)
  10 steelbarb worms
  13 deep elf archers
  A shadow demon (Depths:2)
  A tengu zombie (Tomb:2)
  6 goliath frogs
  5 flayed ghosts
  7 wizards
  3 bog bodies
  17 phantasmal warriors
  21 deep elf zephyrmancers
  A bunyip skeleton (Crypt:3)
  8 lindwurms
  2 anaconda skeletons (Crypt:1)
  4 spectral wolf spiders (Spider:1)
  4 harpies (Vaults:2)
  12 necromancers
  A fenstrider witch simulacrum (Crypt:3)
  16 orc knights
  13 ironbound convokers
  7 orc sorcerers
  4 cyclopes
  26 deep elf pyromancers
  30 ugly things
  6 mana vipers (WizLab)
  4 shining eyes
  4 will-o-the-wisps
  A frost giant zombie (Crypt:1)
  An oklob plant (Lair:3)
  14 wolf spiders
  6 moths of wrath
  A salamander (D:15)
  A salamander (shapeshifter) (Elf:1)
  An elephant (shapeshifter) (Depths:3)
  A fire giant skeleton (Crypt:1)
  An iron dragon skeleton (Crypt:1)
  8 manticores
  A manticore (shapeshifter) (Elf:2)
  A human skeleton (Crypt:1)
  14 vault sentinels
  7 black mambas
  3 eyes of devastation
  6 demonic crawlers
  A rust devil (Depths:3)
  3 smoke demons
  24 elephants
  An alligator snapping turtle zombie (Crypt:1)
  2 gargoyles
  3 stone giant skeletons (Crypt:1)
  6 torpor snails
  2 orange demons
  7 cane toads
  A centaur skeleton (Crypt:1)
  A dire elephant skeleton (Crypt:1)
  A grey draconian zombie (Crypt:1)
  2 unseen horrors (Depths:2)
  2 rime drakes
  A hellion (Depths:3)
  An efreet (D:14)
  30 yaktaurs
  7 komodo dragons
  6 naga skeletons (Crypt:1)
  2 kobold demonologists
  A tormentor (Crypt:3)
  A yaktaur (shapeshifter) (Elf:1)
  3 ice devils (Depths:2)
  An orb spider zombie (Crypt:1)
  An unseen horror skeleton (Crypt:2)
  4 freezing wraiths
  A black draconian skeleton (Crypt:1)
  18 guardian mummies
  4 tengu conjurers
  A sea snake zombie (Crypt:2)
  2 ghost moth simulacra (Spider:1)
  A yaktaur skeleton (Vaults:3)
  6 polar bears
  A catoblepas skeleton (Crypt:1)
  7 trolls
  2 harpy zombies
  3 bloated husks
  4 hellwings
  A shadow dragon simulacrum (Tomb:2)
  A wolf spider simulacrum (Spider:1)
  A merfolk (shapeshifter) (Vaults:5)
  2 harpy skeletons
  7 hornets
  33 tarantellas
  2 dream sheep
  2 ice dragon zombies
  An ettin zombie (Crypt:1)
  7 tyrant leeches
  141 slime creatures
  20 blink frogs
  A centaur simulacrum (Crypt:1)
  39 jumping spiders
  25 culicivoras
  An ice dragon skeleton (Crypt:1)
  2 jumping spiders (shapeshifter)
  A fire dragon skeleton (Crypt:1)
  A satyr skeleton (Crypt:1)
  9 wraiths
  26 flying skulls
  9 water elementals
  3 shadows
  8 spriggans
  Sigmund (D:5)
  21 yaks
  An air elemental (Elf:1)
  2 ettin skeletons
  A naga simulacrum (Crypt:1)
  3 fire bats (Gauntlet)
  4 starcursed masses (Abyss:3)
  2 ynoxinuls
  5 golden eyes
  8 ushabtiu
  3 basilisks
  6 fire elementals
  5 wyverns
  2 basilisks (shapeshifter)
  A steam dragon (D:10)
  3 chaos spawn
  2 neqoxecs
  6 small abominations
  59 redbacks
  A wind drake skeleton (Crypt:3)
  An elf simulacrum (Vaults:3)
  A redback (shapeshifter) (Vaults:5)
  5 vampire mosquitoes
  2 wargs
  2 harpy simulacra
  A deep troll zombie (Crypt:1)
  A faun zombie (Crypt:2)
  An acid dragon (D:7)
  14 swamp worms
  15 water moccasins
  3 floating eyes
  11 swamp drakes
  An ettin simulacrum (Crypt:3)
  25 orc warriors
  2 ice beasts
  2 sky beasts (D:7)
  A merfolk skeleton (Crypt:2)
  3 black bears
  15 ogres
  A boggart (shapeshifter) (Depths:4)
  13 boggarts
  14 wolves
  3 swamp dragon skeletons
  A snapping turtle skeleton (Crypt:1)
  10 centaurs
  6 kobold brigands
  3 earth elementals
  A gnoll sergeant (D:11)
  6 bullfrogs
  3 necrophages
  2 scorpions
  4 wights
  7 jellies
  9 killer bees
  3 howler monkeys
  4 electric eels (Lair:2)
  2 lava snakes (D:14)
  A crimson imp (Abyss:3)
  A quasit (Abyss:3)
  An iron imp (Abyss:3)
  15 orc priests
  A hound (D:6)
  A black bear skeleton (Crypt:2)
  3 iguanas
  24 orc wizards
  7 hell rats (Lair:5)
  44 mummies
  10 adders
  15 gnolls
  3 shadow imps
  3 white imps
  An ufetubus (D:4)
  An adder zombie (Crypt:2)
  A worm (D:4)
  12 dart slugs
  51 orcs
  6 bats
  8 endoplasms
  2 giant cockroaches
  10 hobgoblins
  2 jackals (D:1)
  3 quokkas
  5 ball pythons
  4 frilled lizards
  A frilled lizard zombie (Crypt:2)
  10 goblins
  2 goblin skeletons (Crypt:3)
  15 kobolds
  5 rats
  A river rat skeleton (Crypt:3)
  7 briar patches
  A starspawn tentacle (Abyss:3)
  5 withered plants (Crypt:3)
2345 creatures vanquished.

Vanquished Creatures (others)
  An ironbound thunderhulk (Vaults:3)
  A great orb of eyes (Vaults:2)
  A spriggan druid (Swamp:4)
  A bloated husk (Swamp:4)
  An orc priest (Orc:2)
  A mummy (Tomb:1)
  A briar patch (Swamp:3)
  12 foxfires
  9 fungi
  16 plants
  A starspawn tentacle (Abyss:3)
  2 withered plants (Crypt:3)
47 creatures vanquished.

Grand Total: 2392 creatures vanquished

Notes
Turn   | Place    | Note
-------+----------+-------------------------------------------
     0 | D:1      | semem the Octopode Transmuter began the quest for the Orb.
     0 | D:1      | Reached XP level 1. HP: 13/13 MP: 3/3
   239 | D:1      | Reached XP level 2. HP: 11/18 MP: 3/5
   245 | D:1      | Learned a level 2 spell: Wereblood
   587 | D:2      | Reached XP level 3. HP: 23/23 MP: 3/6
   718 | D:2      | Reached skill level 1 in Stealth
   825 | D:2      | Learned a level 3 spell: Spider Form
   835 | D:2      | Reached skill level 1 in Poison Magic
  1004 | D:2      | Reached XP level 4. HP: 28/28 MP: 5/7
  1547 | D:3      | Reached XP level 5. HP: 33/33 MP: 4/8
  1995 | D:4      | Noticed an ogre
  2004 | D:4      | Killed an ogre
  2005 | D:4      | Reached skill level 1 in Ice Magic
  2150 | D:4      | Reached XP level 6. HP: 33/38 MP: 7/10
  2353 | D:4      | Reached skill level 4 in Unarmed Combat
  2510 | D:4      | Noticed a black bear
  2521 | D:4      | Killed a black bear
  2522 | D:4      | Reached skill level 1 in Shields
  2765 | D:4      | Learned a level 4 spell: Ice Form
  2781 | D:4      | Reached XP level 7. HP: 23/43 MP: 6/11
  3040 | D:5      | Entered Level 5 of the Dungeon
  3049 | D:5      | Noticed a kobold demonologist
  3050 | D:5      | Noticed an orange demon
  3149 | D:5      | Noticed Sigmund
  3160 | D:5      | Killed Sigmund
  3335 | D:5      | Killed a kobold demonologist
  3336 | D:5      | Reached skill level 5 in Transmutations
  3336 | D:5      | Reached XP level 8. HP: 42/48 MP: 7/13
  3352 | D:5      | Reached skill level 5 in Unarmed Combat
  3430 | D:5      | Identified the +9 hand axe "Itwaevoa" {flame, rC+ Dex+2}
  3547 | D:5      | Found a staircase to the Ecumenical Temple.
  3648 | Temple   | Entered the Ecumenical Temple
  4880 | D:6      | Reached skill level 6 in Unarmed Combat
  4917 | D:6      | Reached XP level 9. HP: 53/53 MP: 6/15
  5946 | D:7      | Reached skill level 5 in Ice Magic
  6196 | D:7      | Found an opulent altar of Gozag.
  6201 | D:7      | Became a worshipper of Gozag Ym Sagoz the Greedy
  6658 | D:8      | Found a staircase to the Lair.
  7308 | D:9      | Noticed a troll
  7313 | D:9      | Killed a troll
  7319 | D:9      | Noticed a troll
  7320 | D:9      | Reached XP level 10. HP: 60/63 MP: 8/16
  7324 | D:9      | Reached skill level 7 in Unarmed Combat
  7481 | D:9      | Found a shimmering altar of Xom.
  7481 | D:9      | Found a bloodstained altar of Trog.
  7673 | D:9      | Found a viscous altar of Jiyva.
  8157 | Lair:1   | Entered Level 1 of the Lair of Beasts
  8399 | Lair:1   | Noticed a cane toad
  8404 | Lair:1   | Killed a cane toad
  8411 | Lair:1   | Noticed a cane toad
  8420 | Lair:1   | Killed a cane toad
  8448 | Lair:1   | Noticed Urug
  8466 | Lair:1   | Killed Urug
  8523 | Lair:1   | Identified a scroll of acquirement
  8523 | Lair:1   | Acquired a staff of air
  8646 | Lair:1   | Reached skill level 5 in Fighting
  8646 | Lair:1   | Reached XP level 11. HP: 64/71 MP: 11/17
  8648 | Lair:1   | Reached skill level 1 in Air Magic
  8658 | Lair:1   | Learned a level 7 spell: Storm Form
  8968 | Lair:2   | Reached skill level 8 in Unarmed Combat
  9399 | Lair:2   | Found a staircase to the Swamp.
  9484 | Lair:2   | Found a hole to the Spider Nest.
  9487 | Lair:2   | Noticed Gastronok
  9630 | Lair:2   | Killed Gastronok
  9631 | Lair:2   | Reached skill level 9 in Unarmed Combat
  9631 | Lair:2   | Reached skill level 5 in Spellcasting
  9821 | Lair:2   | Noticed an eight-headed hydra
  9829 | Lair:2   | Killed an eight-headed hydra
  9830 | Lair:2   | Reached skill level 10 in Transmutations
 10036 | Lair:2   | Found a transporter.
 10038 | Lair:2   | Found a transporter.
 10044 | Lair:2   | Found a bloodstained altar of Trog.
 10060 | Lair:2   | Noticed a spriggan rider
 10061 | Lair:2   | Noticed Rrauwl's ghost (journeyman HOMo)
 10070 | Lair:2   | Noticed a moth of wrath
 10237 | D:10     | Entered Level 10 of the Dungeon
 10243 | D:10     | Bought a potion of berserk rage for 60 gold pieces
 10243 | D:10     | Bought a potion of heal wounds for 60 gold pieces
 10357 | D:10     | Noticed Amaemon
 10380 | D:10     | Killed Amaemon
 10558 | D:10     | Reached XP level 12. HP: 77/77 MP: 13/20
 10659 | D:10     | Noticed Lodul
 10684 | D:10     | Killed Lodul
 10685 | D:10     | Reached skill level 5 in Dodging
 10704 | D:10     | Bought the ring "Bynn" {rF+ rN+ rCorr} for 496 gold pieces
 10873 | D:10     | Reached skill level 10 in Unarmed Combat
 11008 | D:10     | Found Kiotiekkio's Mass Market.
 11203 | D:10     | Noticed Snorg
 11223 | D:10     | Killed Snorg
 11773 | D:11     | Reached skill level 5 in Air Magic
 12095 | D:11     | Found a bloodstained altar of Trog.
 12101 | D:11     | Noticed a two-headed ogre
 12108 | D:11     | Killed a two-headed ogre
 13090 | D:12     | Found a staircase to the Orcish Mines.
 13172 | D:12     | Reached skill level 11 in Unarmed Combat
 13604 | Lair:3   | Noticed a four-headed hydra
 13609 | Lair:3   | Noticed a five-headed hydra
 13932 | Orc:1    | Entered Level 1 of the Orcish Mines
 14091 | Orc:1    | Found Lete's Armour Emporium.
 14138 | Orc:1    | Reached XP level 13. HP: 51/83 MP: 22/22
 14733 | D:10     | Bought a +6 ring of intelligence for 468 gold pieces
 14733 | D:10     | Bought a +5 ring of evasion for 468 gold pieces
 15141 | Lair:3   | Reached skill level 12 in Unarmed Combat
 15312 | Lair:3   | Found a blossoming altar of Fedhas.
 15539 | Lair:3   | Found a transporter.
 15683 | Lair:3   | Noticed Fimi's ghost (journeyman FeIE)
 15685 | Lair:3   | Found a transporter.
 16984 | Lair:4   | Gained mutation: You do not regenerate when monsters are
                  | visible. [potion of mutation]
 16984 | Lair:4   | Gained mutation: You are agile. (Dex +4, Str/Int -1)
                  | [potion of mutation]
 17337 | D:10     | Bought the ring of Meracrij {rPois rC+} for 442 gold pieces
 17337 | D:10     | Bought a ring of positive energy for 260 gold pieces
 17467 | D:13     | Found a runed translucent gate.
 17467 | D:13     | Found a runed translucent gate.
 17471 | D:13     | Found a runed translucent gate.
 17473 | D:13     | Noticed kuniqs's ghost (journeyman MiFi)
 17562 | D:13     | Reached skill level 13 in Unarmed Combat
 17593 | D:13     | Reached XP level 14. HP: 84/90 MP: 23/23
 18314 | Lair:2   | Killed Rrauwl's ghost
 18531 | Lair:5   | Entered Level 5 of the Lair of Beasts
 18672 | Lair:5   | Reached skill level 14 in Unarmed Combat
 18882 | Lair:5   | Found a gate leading to a gauntlet.
 18899 | Gauntlet | Entered a Gauntlet
 18899 | Gauntlet | Found a transporter.
 18899 | Gauntlet | Found a transporter.
 18899 | Gauntlet | Found a transporter.
 18903 | Gauntlet | Found a transporter.
 18903 | Gauntlet | Found a transporter.
 18904 | Gauntlet | Found a transporter.
 18915 | Gauntlet | Found a transporter.
 18917 | Gauntlet | Found a transporter.
 18920 | Gauntlet | Found a transporter.
 18920 | Gauntlet | Found a transporter.
 18934 | Gauntlet | Found a transporter.
 18934 | Gauntlet | Found a transporter.
 18954 | Gauntlet | Found the +3 hat of Pondering {ponderous, Will+ MP+10
                  | Int+5}
 19283 | Gauntlet | Identified the amulet of the Queen {Faith Rampage rPois rF-
                  | rC+}
 19352 | Gauntlet | Identified the +1 executioner's axe of Ufud {flame, rPois}
 19626 | Lair:5   | Found a staircase to the Slime Pits.
 20185 | D:13     | Killed kuniqs's ghost
 20186 | D:13     | Reached XP level 15. HP: 89/94 MP: 15/24
 20240 | D:13     | Bought a potion of haste for 160 gold pieces
 20240 | D:13     | Bought a potion of mutation for 128 gold pieces
 20240 | D:13     | Bought a potion of invisibility for 128 gold pieces
 20240 | D:13     | Lost mutation: You do not regenerate when monsters are
                  | visible. [potion of mutation]
 20240 | D:13     | Lost mutation: You are agile. (Dex +4, Str/Int -1) [potion
                  | of mutation]
 20240 | D:13     | Gained mutation: You are robust. (+10% HP) [potion of
                  | mutation]
 20240 | D:13     | Gained mutation: You have hidden genetic potential. [potion
                  | of mutation]
 20240 | D:13     | Gained mutation: You have a pair of small antennae on your
                  | head. [potion of mutation]
 20440 | D:14     | Reached skill level 15 in Unarmed Combat
 20714 | D:14     | Found a gate to the Vaults.
 20894 | D:14     | Found the necklace of Bloodlust {Fury *Rage Will++ Int-3
                  | Slay+6}
 21032 | D:14     | Found a runed translucent gate.
 21032 | D:14     | Found a runed translucent gate.
 21032 | D:14     | Found a runed translucent gate.
 21033 | D:14     | Noticed Odeis's ghost (journeyman OpCK)
 21034 | D:14     | Identified the +4 robe of Suoq {rElec rF++ Int+3 Slay+3}
 21034 | D:14     | Noticed a fire giant
 21035 | D:14     | Found an iron altar of Okawaru.
 21381 | D:15     | Entered Level 15 of the Dungeon
 22392 | D:15     | Found a staircase to the Depths.
 22673 | Orc:2    | Entered Level 2 of the Orcish Mines
 22813 | Orc:2    | Paralysed by an orc sorcerer for 4 turns
 22900 | Orc:2    | Found Poomuegakh's Antique Weapon Shop.
 22900 | Orc:2    | Found Tynk's Assorted Antiques.
 22907 | Orc:2    | Reached skill level 10 in Air Magic
 22911 | Orc:2    | Found Gugh's Book Shop.
 22911 | Orc:2    | Found Ixaov's Antique Weapon Emporium.
 22919 | Orc:2    | Reached skill level 16 in Unarmed Combat
 23329 | Orc:2    | Found a staircase to the Elven Halls.
 23957 | Swamp:1  | Entered Level 1 of the Swamp
 24664 | Swamp:2  | Noticed a thorn hunter
 24674 | Swamp:2  | Killed a thorn hunter
 24766 | Swamp:2  | Reached XP level 16. HP: 94/108 MP: 16/25
 24770 | Swamp:2  | Reached skill level 15 in Transmutations
 24911 | Swamp:2  | Gained mutation: Your natural rate of healing is unusually
                  | fast. [hidden potential]
 25024 | Swamp:2  | You are sucked into a shaft and drop 1 floor!
 25073 | Swamp:3  | Noticed a thorn hunter
 25932 | Swamp:3  | Killed a thorn hunter
 25935 | Swamp:3  | Identified the +4 chain mail "Qualuix" {-Tele Harm rElec
                  | Dex+7}
 26194 | Swamp:4  | Entered Level 4 of the Swamp
 26194 | Swamp:4  | Noticed Mara
 26198 | Swamp:4  | Killed Mara
 26199 | Swamp:4  | Reached skill level 17 in Unarmed Combat
 26279 | Swamp:4  | Noticed Donald
 26377 | Swamp:3  | Acquired a book of Frost
 26460 | Swamp:4  | Killed Donald
 26508 | Swamp:4  | Noticed Louise
 26520 | Swamp:4  | Killed Louise
 26765 | Swamp:4  | Reached XP level 17. HP: 92/115 MP: 21/27
 26765 | Swamp:4  | Noticed the 27-headed Lernaean hydra
 26778 | Swamp:4  | Killed the 27-headed Lernaean hydra
 26818 | Swamp:4  | Gained mutation: You are partially covered in iridescent
                  | scales. (AC +2) [hidden potential]
 26818 | Swamp:4  | Lost mutation: You have hidden genetic potential. [hidden
                  | potential expressed]
 27093 | Swamp:4  | Got a decaying rune of Zot
 27445 | Spider:1 | Entered Level 1 of the Spider Nest
 27571 | Spider:1 | Reached skill level 18 in Unarmed Combat
 27657 | Spider:1 | Found a transporter.
 27657 | Spider:1 | Noticed LetschGu's ghost (adept TrMo)
 28396 | Spider:1 | Found a transporter.
 28887 | D:15     | Bought the macabre finger necklace {Finger+ rN+} for 480
                  | gold pieces
 28887 | D:15     | Found the macabre finger necklace {Finger+ rN+}
 30122 | Spider:2 | Identified the +3 scale mail of Negligence {rPois rF-
                  | Dex+8}
 30508 | Spider:3 | Identified Roxanne's Vademecum on Composition
 30508 | Spider:3 | Noticed Roxanne
 30518 | Spider:3 | Killed Roxanne
 30935 | Spider:3 | Reached XP level 18. HP: 122/123 MP: 23/30
 31478 | Spider:4 | Entered Level 4 of the Spider Nest
 31528 | Spider:4 | Reached skill level 10 in Dodging
 31548 | Spider:4 | Reached skill level 19 in Unarmed Combat
 31798 | Spider:4 | Noticed Arachne
 31804 | Spider:4 | Killed Arachne
 32570 | Spider:4 | Got a gossamer rune of Zot
 33658 | D:15     | Bought a +6 ring of intelligence for 396 gold pieces
 33761 | D:15     | Bought the ring "Ymoyhoad" {rC+ Str-2 Dex+9 SInv} for 480
                  | gold pieces
 33993 | Slime:1  | Entered Level 1 of the Pits of Slime
 34631 | Slime:2  | Reached XP level 19. HP: 128/128 MP: 26/32
 34646 | Slime:2  | Paralysed by a great orb of eyes for 4 turns
 35334 | Slime:3  | Reached skill level 20 in Unarmed Combat
 35339 | Slime:3  | Gained mutation: You sometimes lose your temper in combat.
                  | [a shining eye]
 36273 | Slime:5  | Entered Level 5 of the Pits of Slime
 36290 | Slime:5  | Reached skill level 10 in Spellcasting
 36478 | Slime:5  | Noticed the Royal Jelly
 36502 | Slime:5  | Killed the Royal Jelly
 36638 | Slime:5  | Identified the +7 flail "Xuezilon" {venom, Int+2}
 36665 | Slime:5  | Identified the +3 hand axe of the Scorching Wolf {holy,
                  | rF++ Str+3}
 36688 | Slime:5  | Got the Incunable of Allies
 36741 | Slime:5  | Identified the +1 robe of Liberalism {Will+}
 36743 | Slime:5  | Got a slimy rune of Zot
 36745 | Slime:5  | Got the Grimoire of the Congregated Welkin
 36756 | Slime:5  | Identified the +8 rapier of Joufohorr {freeze, Will+ Int+2}
 36786 | Slime:5  | Identified the +5 sling "Plog" {speed, *Slow rPois Int+3}
 37981 | Elf:1    | Entered Level 1 of the Elven Halls
 38234 | Elf:1    | Reached XP level 20. HP: 111/135 MP: 25/34
 38455 | Elf:1    | Reached skill level 21 in Unarmed Combat
 39007 | Elf:1    | Lost mutation: You have a pair of small antennae on your
                  | head. [potion of mutation]
 39007 | Elf:1    | Lost mutation: You sometimes lose your temper in combat.
                  | [potion of mutation]
 39007 | Elf:1    | Lost mutation: You are partially covered in iridescent
                  | scales. (AC +2) [potion of mutation]
 39007 | Elf:1    | Lost mutation: Your natural rate of healing is unusually
                  | fast. [potion of mutation]
 39007 | Elf:1    | Gained mutation: Your magical capacity is low. (-10% MP)
                  | [potion of mutation]
 39007 | Elf:1    | Gained mutation: Your natural rate of healing is unusually
                  | fast. [potion of mutation]
 39204 | Elf:2    | Noticed a Brimstone Fiend
 39529 | Elf:2    | Bought the ring "Kaats" {rN+ AC+4 Dex+3} for 749 gold
                  | pieces
 39563 | Elf:2    | Found a runed translucent gate.
 39563 | Elf:2    | Found a runed translucent gate.
 39564 | Elf:2    | Found a runed translucent gate.
 40300 | Elf:3    | Entered Level 3 of the Elven Halls
 40539 | Abyss:3  | Cast into level 3 of the Abyss (a deep elf sorcerer)
 40693 | Abyss:3  | Found a corrupted altar of Lugonu.
 40722 | Elf:3    | Escaped the Abyss
 40739 | Elf:3    | Reached XP level 21. HP: 139/139 MP: 27/32
 40770 | Elf:3    | Identified the ring of Brilliance {rElec rCorr AC+4}
 40775 | Elf:3    | Reached skill level 22 in Unarmed Combat
 40775 | Elf:3    | Reached skill level 15 in Air Magic
 41000 | Elf:3    | Found the +11 Singing Sword {sonic wave}
 41004 | Elf:3    | Identified the ring of Ruedav {Will+ Int+6}
 41043 | Elf:3    | Got the Directory of Combined Fulmination
 41052 | Elf:3    | Got the Collected Works on the Creeping Tesseract
 41065 | Elf:3    | Learned a level 6 spell: Eringya's Noxious Bog
 41065 | Elf:3    | Identified the +6 rapier "Mac Naik" {freeze, Fragile rN+++
                  | SInv}
 42324 | Spider:1 | Killed LetschGu's ghost
 42476 | Lair:3   | Killed Fimi's ghost
 42740 | D:14     | Killed Odeis's ghost
 42840 | Vaults:1 | Entered Level 1 of the Vaults
 42913 | Depths:1 | Entered Level 1 of the Depths
 42984 | Depths:1 | Noticed a golden dragon
 42989 | Depths:1 | Killed a golden dragon
 42991 | Depths:1 | Noticed Asterion
 43008 | Depths:1 | Killed Asterion
 43350 | Depths:1 | Found a gateway to Hell.
 43844 | Depths:2 | Noticed Saint Roka
 43860 | Depths:2 | Killed Saint Roka
 43954 | Depths:2 | Found a one-way gateway to a ziggurat.
 44204 | Depths:2 | Reached XP level 22. HP: 115/147 MP: 33/35
 44427 | Depths:2 | Found a sacrificial altar of Ru.
 44454 | Depths:2 | Found a one-way gate to the infinite horrors of the Abyss.
 44503 | Depths:2 | Found a runed translucent door.
 44509 | Depths:2 | Found a shimmering altar of Xom.
 44509 | Depths:2 | Noticed Qikas's ghost (veteran MiBe)
 44510 | Depths:2 | Identified the +2 demon blade "Gyot Zoa" {chaos, Fragile
                  | rPois Will+ Str+7}
 44511 | Depths:2 | Identified the amulet "Danocw" {rElec Will- Regen+ rCorr
                  | Int+4}
 44534 | Depths:2 | Killed Qikas's ghost
 44535 | Depths:2 | Identified the ring "Liobb" {AC+4 Dex+4}
 44724 | Depths:2 | Found a one-way gate leading to the halls of Pandemonium.
 44990 | Depths:3 | Noticed Sojobo
 45014 | Depths:3 | Killed Sojobo
 45763 | Depths:3 | Paralysed by a floating eye for 3 turns
 45776 | Depths:3 | Noticed a dread lich
 45789 | Depths:3 | Killed a dread lich
 46144 | Depths:3 | Learned a level 6 spell: Statue Form
 46781 | Depths:4 | Entered Level 4 of the Depths
 47228 | Depths:4 | Noticed a golden dragon
 47236 | Depths:4 | Reached XP level 23. HP: 140/154 MP: 30/37
 47237 | Depths:4 | Killed a golden dragon
 47238 | Depths:4 | Found a gate to the Realm of Zot.
 48088 | Vaults:1 | Reached skill level 15 in Spellcasting
 48854 | Vaults:1 | Found Pigauc's Assorted Antiques.
 48864 | Vaults:1 | Bought an encrusted iron ring for 220 gold pieces
 50086 | Vaults:2 | Found a staircase to the Crypt.
 50338 | Vaults:2 | Reached XP level 24. HP: 139/160 MP: 38/38
 50414 | Vaults:2 | Lost mutation: Your natural rate of healing is unusually
                  | fast. [potion of mutation]
 50414 | Vaults:2 | Lost mutation: Your magical capacity is low. (-10% MP)
                  | [potion of mutation]
 50414 | Vaults:2 | Gained mutation: Your magical capacity is low. (-10% MP)
                  | [potion of mutation]
 50414 | Vaults:2 | Gained mutation: You have hidden genetic potential. [potion
                  | of mutation]
 51919 | Vaults:4 | Found a magical portal.
 51928 | WizLab   | Entered Yara's Duelist Academy
 52069 | WizLab   | Noticed Idwabb Dataf
 52076 | WizLab   | Killed Idwabb Dataf the Head Instructor
 52281 | WizLab   | Found the +5 demon whip "Spellbinder" {antimagic, disrupt,
                  | Will+}
 52683 | Vaults:4 | Found Teboic's Weapon Shop.
 53411 | Vaults:5 | Entered Level 5 of the Vaults
 53455 | Vaults:5 | Reached XP level 25. HP: 165/167 MP: 24/39
 53474 | Vaults:5 | Identified the +2 executioner's axe of Devotion {flame, rN+
                  | Str+4}
 53474 | Vaults:5 | Identified the ring of Daimiodu {Str+7 Int+6 Dex+2}
 53483 | Vaults:5 | Gained mutation: You are agile. (Dex +4, Str/Int -1)
                  | [hidden potential]
 53485 | Vaults:5 | Reached skill level 23 in Unarmed Combat
 53691 | Vaults:5 | Identified the +9 bardiche of Ashenzari's Hatred {heavy,
                  | Str-2 Dex+6}
 53857 | Vaults:5 | Noticed Boris
 53871 | Vaults:5 | Killed Boris
 54245 | Vaults:5 | Got a silver rune of Zot
 54301 | Vaults:5 | Noticed Mennas
 54326 | Vaults:5 | Killed Mennas
 54855 | Vaults:5 | Identified the ring of Iryo {Str+3 Int+6}
 54879 | Vaults:5 | Reached skill level 24 in Unarmed Combat
 55156 | Vaults:5 | Identified the +4 arbalest of the Wraith {penet, rF++ rCorr
                  | Int+2 Dex-2}
 55339 | Crypt:1  | Entered Level 1 of the Crypt
 55558 | Crypt:1  | Identified the +3 fire dragon scales of Defiance {+Inv rF++
                  | rC- Stlth+}
 56012 | Crypt:1  | Reached XP level 26. HP: 173/173 MP: 37/39
 56498 | Crypt:1  | Gained mutation: Your spells are a little harder to cast,
                  | but a little more powerful. [hidden potential]
 56498 | Crypt:1  | Lost mutation: You have hidden genetic potential. [hidden
                  | potential expressed]
 56620 | Crypt:2  | Noticed Khufu
 56625 | Crypt:2  | Noticed a royal mummy
 56634 | Crypt:2  | Killed Khufu
 56639 | Crypt:2  | Killed a royal mummy
 56651 | Crypt:2  | Reached skill level 25 in Unarmed Combat
 57471 | Crypt:2  | Identified the ring "Qemoixaa" {Wiz Fly Str+6}
 57491 | Crypt:2  | Found an ancient bone altar of Kikubaaqudgha.
 58148 | Crypt:3  | Entered Level 3 of the Crypt
 58214 | Crypt:3  | Reached skill level 15 in Dodging
 58220 | Crypt:3  | Found the +6 Majin-Bo {spellvamp, MP+6 Int+6}
 58227 | Crypt:3  | Noticed an ancient lich
 58236 | Crypt:3  | Killed an ancient lich
 58247 | Crypt:3  | Identified the ring "Qeyweg" {Ice Will+ Dex+4 Slay-6}
 58247 | Crypt:3  | Noticed Josephina
 58249 | Crypt:3  | Killed Josephina
 58249 | Crypt:3  | Noticed Grunn
 58263 | Crypt:3  | Killed Grunn
 58334 | Crypt:3  | Identified the ring of the Tick {Ice rN+}
 58334 | Crypt:3  | Noticed an ancient lich
 58334 | Crypt:3  | Noticed a dread lich
 58335 | Crypt:3  | Identified the +3 ring mail "Odghiac" {Harm +Blink Dex+4}
 58340 | Crypt:3  | Killed an ancient lich
 58341 | Crypt:3  | Reached skill level 26 in Unarmed Combat
 58342 | Crypt:3  | Killed a dread lich
 58350 | Crypt:3  | Identified the ring "Ziuvuz" {Will+ MP+9 Dex+3}
 58539 | Crypt:3  | Found a staircase to the Tomb.
 58583 | Crypt:3  | Noticed Jory
 58598 | Crypt:3  | Killed Jory
 59250 | Tomb:1   | Entered Level 1 of the Tomb of the Ancients
 59380 | Tomb:1   | Noticed Boris
 59387 | Tomb:1   | Killed Boris
 60810 | Tomb:2   | Noticed a royal mummy
 60810 | Tomb:2   | Noticed a royal mummy
 60811 | Tomb:2   | Noticed a royal mummy
 60813 | Tomb:2   | Noticed a royal mummy
 60822 | Tomb:2   | Killed a royal mummy
 60823 | Tomb:2   | Reached XP level 27. HP: 45/178 MP: 40/40
 60830 | Tomb:2   | Killed a royal mummy
 60843 | Tomb:2   | Killed a royal mummy
 60849 | Tomb:2   | Killed a royal mummy
 60934 | Tomb:2   | Reached skill level 27 in Unarmed Combat
 61736 | Tomb:1   | Noticed a royal mummy
 61738 | Tomb:1   | Noticed a royal mummy
 61740 | Tomb:1   | Noticed a royal mummy
 61744 | Tomb:1   | Killed a royal mummy
 61749 | Tomb:1   | Killed a royal mummy
 61749 | Tomb:1   | Noticed a royal mummy
 61753 | Tomb:1   | Killed a royal mummy
 61759 | Tomb:1   | Killed a royal mummy
 61879 | Tomb:1   | Noticed a royal mummy
 61884 | Tomb:1   | Killed a royal mummy
 61979 | Tomb:1   | Noticed a royal mummy
 61988 | Tomb:1   | Killed a royal mummy
 61990 | Tomb:1   | Noticed a royal mummy
 61996 | Tomb:1   | Killed a royal mummy
 62022 | Tomb:1   | Noticed a royal mummy
 62030 | Tomb:1   | Killed a royal mummy
 62040 | Tomb:1   | Noticed a royal mummy
 62047 | Tomb:1   | Noticed a royal mummy
 62047 | Tomb:1   | Noticed a royal mummy
 62048 | Tomb:1   | Killed a royal mummy
 62053 | Tomb:1   | Noticed a royal mummy
 62053 | Tomb:1   | Noticed a royal mummy
 62053 | Tomb:1   | Noticed a royal mummy
 62053 | Tomb:1   | Noticed a royal mummy
 62053 | Tomb:1   | Noticed a royal mummy
 62053 | Tomb:1   | Noticed a royal mummy
 62053 | Tomb:1   | Noticed a royal mummy
 62055 | Tomb:1   | Killed a royal mummy
 62056 | Tomb:1   | Killed a royal mummy
 62059 | Tomb:1   | HP: 1/179 [royal mummy/divine providence (14)]
 62063 | Tomb:1   | Killed a royal mummy
 62063 | Tomb:1   | Killed by a royal mummy's death curse

Illustrated notes

Levels and vault maps discovered:
D:1:      scummos_arrival_simple_crosswalls, layout_rooms
D:2:      layout_rooms
D:3:      kennysheep_slugbush, layout_basic, grunt_decor_arrowhead
D:4:      black_bear_nest_1, layout_gridville
D:5:      layout_basic, minmay_temple_entry_poolview, uniq_sigmund
D:6:      layout_gridville
D:7:      layout_basic, nicolae_gozag_cash_rules_everything_around_me
D:8:      layout_loops_corners, dpeg_oklobed_lair
D:9:      layout_loops_cross, jmf_multi_god_temple, jiyva_altar_1
D:10:     layout_cave_pods, minmay_shop_mass, minmay_misc_feat_encased,
          uniq_amaemon, uniq_snorg, uniq_lodul
D:11:     layout_gridville, bloody_trog
D:12:     layout_roguey, orc_0_dummy, kennysheep_dice
D:13:     layout_roguey, gammafunk_ghost_split
D:14:     layout_irregular_city, david_vaults_4,
          gammafunk_ghost_fury_of_okawaru, kennysheep_boxes,
          chequers_serial_rivers_small_3
D:15:     hangedman_depths_entry_try_elsewhere_first, layout_long_grid
Temple:   compressed_dpeg_triangle_lava_temple
Lair:1:   layout_big_grid, uniq_urug
Lair:2:   layout_chaotic_city, minmay_swamp_entry_eels,
          spider_nest_entry_web_field, serial_bayou, serial_bayou_pond_d,
          serial_bayou_lagoon_b, serial_bayou_pond_d, serial_bayou_pond_c,
          gammafunk_ghost_wrathful_warriors, wad_woods_river_03, uniq_gastronok
Lair:3:   layout_small_grid, gammafunk_ghost_arena, lemuel_oklob_altar
Lair:4:   layout_misc_corridors, grunt_forest_large_clearing_hut
Lair:5:   grunt_lair_end_beastmaster, layout_hall_layers,
          minmay_slime_entry_pillars, gauntlet_entry_generic, grunt_megastairs_5
Swamp:1:  layout_falls_marsh, evilmike_swamp_ruin_rubble_1, swamp_pool5
Swamp:2:  layout_falls_marsh, hangedman_swamp_ruin_hall
Swamp:3:  layout_falls_marsh, infiniplex_staircase_pool_2
Swamp:4:  swamp_old_school, layout_basic_swamp, uniq_mara, uniq_donald,
          uniq_louise
Spider:1: layout_spider_delve, gammafunk_ghost_mausoleum
Spider:2: layout_spider_delve, hangedman_spider_trapstep
Spider:3: layout_cave_pods, nicolae_spider_world_wide_web, uniq_roxanne
Spider:4: johnstein_spider_rune_arachne_lair
Slime:1:  layout_caves, nicolae_slime_ancient_tower_intersection,
          nicolae_slime_phagocytosis
Slime:2:  cheibrodos_slime_lost_civilization_2, layout_caves
Slime:3:  layout_caves
Slime:4:  layout_caves
Slime:5
Orc:1:    layout_diamond_mine, serial_shops, nicolae_shop_advertising_works
          [nicolae_subvault_shop_adworks]
Orc:2:    grunt_orc_tribal_feast, layout_diamond_mine,
          nicolae_orc_flooded_monolith
Elf:1:    layout_geoelf_octagon, evilmike_minifort
Elf:2:    nicolae_elf_blades_splatter_lattice
          [nicolae_blade_entry_sentries_behind_glass], layout_loops_cross
Elf:3:    minmay_elf_hall_quartered_circle, layout_geoelf_grid,
          grunt_megastairs_3
Vaults:1: v_misc_26, vaults_room_door_hall, vaults_room_grunt_arrival_ludios,
          v_pattern_1, ontoclasm_vaults_ligature,
          vaults_mumra_minichess_inversion, grunt_vaults_hallway_long,
          vaults_room_pool, vaults_dpeg_diagonal, hangedman_vaults_pinch,
          ontoclasm_vaults_misaligned, layout_vaults_maze, serial_shops,
          shop_fountains
Vaults:2: nicolae_vaults_circle_grid_b, grunt_vaults_trifunnel,
          grunt_vaults_hallway_short, ontoclasm_vaults_fault,
          vaults_dpeg_emergency_exit, vaults_room_semicircle,
          grunt_vaults_diagonal, layout_vaults_omnigrid,
          minmay_crypt_entry_simple_box
Vaults:3: v_misc_30, v_alt_pattern_6, nicolae_vaults_rhombus_7, v_misc_14,
          v_rooms_4, dpeg_vaults_monster_box, ontoclasm_vaults_chip, v_misc_13,
          v_misc_17, hangedman_vaults_slice, vaults_room_octagon,
          vaults_room_grid, vaults_dpeg_ring, v_alt_pattern_3,
          nicolae_vaults_angled_halls, ontoclasm_vaults_loading_screen,
          layout_vaults_ring
Vaults:4: mu_enter_wizlab_5, v_rooms_4, ontoclasm_vaults_eye,
          hangedman_vaults_impose, v_alt_pattern_1, vaults_room_large_hall,
          hangedman_vaults_restitches, hangedman_vaults_snaps,
          vaults_room_pools, hangedman_vaults_cutoff, ontoclasm_vaults_idyll,
          vaults_room_semicircle, layout_vaults_big_room, serial_shops,
          nicolae_shop_bloodbath_and_beyond
Vaults:5: uniq_boris, uniq_mennas
Crypt:1:  minmay_skeleton_keep, layout_regular_city, lemuel_upstairs_altar
Crypt:2:  cheibrodos_crypt_eye_of_stone, layout_regular_city,
          grunt_megastairs_1, uniq_khufu
Crypt:3:  david_glass_crypt, layout_chaotic_city, tomb_entry_forgotten_bobbens,
          grunt_megastairs_2, uniq_jory, uniq_josephina, uniq_grunn
Tomb:1
Tomb:2
Depths:1: layout_cave_pools, grunt_hell_entry_dis_mu, nicolae_two_hexagons,
          drop_trap, minmay_microvault, uniq_asterion
Depths:2: nzn_winding_woodlands_three_and_one
          [nzn_winding_woodlands_5x15_garden,
          nzn_winding_woodlands_5x15_crooked, nzn_winding_woodlands_5x15_twine,
          nzn_winding_woodlands_center_triple_pond], layout_cave_shapes,
          enter_ziggurat_e, minmay_room_of_horrors, grunt_pan_entry_spiral,
          pf_coc_iceberg, ebering_ghost_xom, nicolae_ru_the_path_less_chosen,
          uniq_saint_roka
Depths:3: hellmonk_paralyzer, layout_gridlike, grunt_pan_entry_sceptre,
          serial_glass, glass_columns_a, glass_columns_a, glass_columns_a,
          glass_columns_a, hangedman_abyss_entry_splay, hell_entry,
          st_stairs_13, lemuel_flamethrower_1, minmay_staircase_bubble,
          uniq_sojobo
Depths:4: grunt_zot_entry_hairpin, layout_gridlike, minmay_misc_feat_plants,
          pf_hell_entry_great_geh

Skill      XL: |  1  2  3  4  5  6  7  8  9 10 11 12 13 14 15 16 17 18 19 20 21 22 23 24 25 26 27 |
---------------+----------------------------------------------------------------------------------+-----
Stealth        | 1 2 |  2.5
Poison Magic   | 1 2 3 4 |  4.7
Transmutations | 3 4 5 7 9 10 11 12 13 14 15 16 17 18 19 20 21 | 21.9
Ice Magic      | 1 2 3 6 7 8 |  8.0
Unarmed Combat | 4 6 7 9 11 13 14 16 17 18 19 20 21 22 24 26 27 | 27.0
Spellcasting   | 3 4 5 6 8 9 10 11 13 14 15 16 17 18 | 18.2
Shields        | 1 2 3 |  3.9
Dodging        | 3 4 5 6 7 8 9 10 11 12 13 14 15 16 | 16.0
Fighting       | 3 5 6 7 |  7.7
Air Magic      | 4 6 7 9 10 11 12 13 14 15 16 17 18 19 20 21 | 21.3
Staves         | |  0.9
Earth Magic    | |  0.1
Evocations     | |  0.2

Action                   |  1- 3 |  4- 6 |  7- 9 | 10-12 | 13-15 | 16-18 | 19-21 | 22-24 | 25-27 || total
-------------------------+-------+-------+-------+-------+-------+-------+-------+-------+-------++-------
Melee: Unarmed           |    65 |   122 |   182 |   350 |   630 |   717 |   647 |   771 |   717 ||  4201
       Constrict         |    20 |    24 |     7 |     2 |     1 |     3 |     1 |     1 |     3 ||    62
       Kick              |    18 |    16 |     9 |       |       |       |       |       |       ||    43
       Tentacles         |    13 |    11 |     5 |     3 |     1 |     1 |     8 |     3 |     8 ||    53
       Punch             |       |     2 |       |     2 |    56 |   106 |   108 |   135 |   162 ||   571
       Staff             |       |       |       |       |     1 |     6 |    16 |     5 |    11 ||    39
 Cast: Beastly Appendage |    21 |    17 |     5 |       |       |       |       |       |       ||    43
       Wereblood         |     3 |     7 |    12 |    18 |    30 |    35 |    32 |    30 |    16 ||   183
       Spider Form       |       |     6 |     4 |       |       |       |       |       |       ||    10
       Ice Form          |       |       |    25 |    41 |    14 |       |       |       |       ||    80
       Storm Form        |       |       |       |       |    49 |    72 |    56 |    66 |    50 ||   293
       Eringya's Noxious |       |       |       |       |       |       |     4 |    11 |     3 ||    18
       Statue Form       |       |       |       |       |       |       |       |     1 |     1 ||     2
Invok: Call Merchant     |       |       |       |     2 |     2 |     2 |     1 |       |       ||     7
       Potion Petition   |       |       |       |       |       |     2 |       |       |     8 ||    10
 Abil: Blinkbolt         |       |       |       |       |     4 |     8 |    11 |     9 |    14 ||    46
       End Transformatio |       |       |       |       |       |       |       |       |     1 ||     1
Evoke: Wand              |       |     5 |       |    10 |       |       |       |       |     2 ||    17
  Use: Scroll            |     5 |     8 |     7 |     7 |     5 |     4 |     2 |     1 |       ||    39
       Potion            |       |     1 |     1 |     3 |     3 |     9 |     3 |     3 |     7 ||    30
 Stab: Sleeping          |     8 |     8 |     1 |     4 |     1 |       |     1 |     1 |     2 ||    26
       Distracted        |       |       |       |     1 |     4 |    10 |     7 |    13 |    18 ||    53
       Invisible         |       |       |       |       |       |     6 |       |       |    31 ||    37
Armor: Skin              |     8 |    25 |    52 |   124 |   130 |   127 |   116 |   140 |    77 ||   799
Dodge: Dodged            |    30 |    99 |    99 |   223 |   554 |   809 |   581 |   845 |   696 ||  3936
Block: Other             |       |    31 |    38 |    12 |    76 |    54 |       |       |       ||   211
       Reflection        |       |     2 |     2 |       |     6 |     2 |       |       |       ||    12

Table legend: (Time is in decaauts)
 A = Elapsed time spent in this place.
 B = Non-inter-level travel time spent in this place.
 C = Inter-level travel time spent in this place.
 D = Time resting spent in this place.
 E = Time spent auto-exploring this place.
 F = Levels seen in this place.
 G = Mean time per level.
                   A        B        C        D        E       F      G
               +--------+--------+--------+--------+--------+-----+--------+
         Total |  60803 |  53925 |   6878 |      0 |  39862 |  56 | 1085.8 |
       Dungeon |  17405 |  14079 |   3326 |      0 |  11049 |  15 | 1160.3 |
        Temple |    289 |    276 |     13 |      0 |    259 |   1 |  289.0 |
          Lair |   6708 |   5334 |   1374 |      0 |   3732 |   5 | 1341.6 |
         Swamp |   3340 |   3186 |    154 |      0 |   2424 |   4 |  835.0 |
   Spider Nest |   5217 |   4815 |    402 |      0 |   3518 |   4 | 1304.2 |
    Slime Pits |   3585 |   3360 |    225 |      0 |   2236 |   5 |  717.0 |
  Orcish Mines |   1884 |   1635 |    249 |      0 |   1338 |   2 |  942.0 |
   Elven Halls |   3731 |   3407 |    324 |      0 |   2555 |   3 | 1243.7 |
        Vaults |   6683 |   6433 |    250 |      0 |   4914 |   5 | 1336.6 |
         Crypt |   3758 |   3618 |    140 |      0 |   2815 |   3 | 1252.7 |
          Tomb |   2731 |   2525 |    206 |      0 |   1804 |   2 | 1365.5 |
        Depths |   4318 |   4108 |    210 |      0 |   2787 |   4 | 1079.5 |
         Abyss |    170 |    170 |      0 |      0 |     64 |   1 |  170.0 |
        Wizlab |    442 |    442 |      0 |      0 |    220 |   1 |  442.0 |
      Gauntlet |    536 |    536 |      0 |      0 |    144 |   1 |  536.0 |
               +--------+--------+--------+--------+--------+-----+--------+

Top non-repeatable levels by time:
  Lair:2: 2384 daAuts
  Tomb:1: 1868 daAuts
Vaults:5: 1736 daAuts
Spider:4: 1698 daAuts
    D:10: 1687 daAuts
    D:15: 1627 daAuts
     D:9: 1582 daAuts
    D:11: 1529 daAuts
 Crypt:2: 1510 daAuts
Vaults:2: 1397 daAuts
    D:14: 1381 daAuts
   Elf:2: 1358 daAuts
  Lair:3: 1348 daAuts
Vaults:3: 1340 daAuts
Spider:3: 1292 daAuts
